[Event "Titled Tuesday Blitz April 19 Early 2022"]
[White "Dubov, Daniil"]
[Black "Cherniaiev, Tykhon"]
[WhiteFideId "24126055"]
[BlackFideId "14182360"]
[WhiteElo "2791"]
[BlackElo "2289"]
[Result "1/2-1/2"]
[Round "08"]
[TimeControl "180+1"]
[Date "2022.04.19"]
[WhiteClock "0:00:05"]
[BlackClock "0:00:08"]

1. e4 c5 2. Nf3 e6 3. c3 d5 4. e5 Nc6 5. d4 Qc7 6. Na3 a6 7. Nc2 b5 8. Bd3 Bb7 9. O-O c4 10. Be2 Nge7 11. Ne3 h5 12. b3 g6 13. Ba3 Nf5 14. Bxf8 Nxe3 15. fxe3 Rxf8 16. Ng5 Ne7 17. Nh7 Nf5 18. Nxf8 Nxe3 19. Qc1 Nxf1 20. Nh7 cxb3 21. Nf6+ Kd8 22. Bxf1 Rc8 23. Qa3 Qc6 24. axb3 Kc7 25. b4 Kb8 26. Rc1 h4 27. Qb2 Ka8 28. Qf2 Rh8 29. Qf4 Qc8 30. Be2 h3 31. g3 Qc7 32. Qe3 Qe7 33. Bg4 Rc8 34. Bxh3 a5 35. bxa5 Qa3 36. Qe1 b4 37. Ra1 Qxc3 38. Qxc3 Rxc3 39. Bf1 b3 40. Rb1 Bc6 41. Ng4 Ba4 42. Nf2 Rc2 43. Nd3 Rc4 44. Nc5 Rxd4 45. Nxa4 Rxa4 46. Rxb3 Rxa5 47. Rf3 Ra7 48. h4 Kb8 49. Rc3 Ra4 50. Kf2 Re4 51. Rf3 Rxe5 52. Rxf7 Kc8 53. Rf4 Kd7 54. Rg4 Rf5+ 55. Kg2 g5 56. hxg5 Ke7 57. g6 Rf8 58. Bd3 Rg8 59. Rh4 e5 60. Rh7+ Ke6 61. g4 e4 62. Bb5 Rxg6 63. Bd7+ Ke5 64. Bf5 Ra6 65. Kg3 Ra3+ 66. Kh4 Kf4 67. Rf7 e3 68. Bg6+ Ke5 69. Re7+ Kf4 70. g5 Ra1 71. Rf7+ Ke5 72. Bh5 d4 73. Kg4 d3 74. Re7+ Kd4 75. Bg6 e2 76. Bxd3 Kxd3 77. g6 Rg1+ 78. Kf5 e1=Q 79. Rxe1 Rxe1 80. Kf6 Rg1 81. g7 Ke4 82. Kf7 Kf5 83. g8=Q Rxg8 84. Kxg8 1/2-1/2


[Site "https://www.chess.com"]

[Event "Titled Tuesday Blitz April 19 Early 2022"]
[White "Dwilewicz, Katarzyna"]
[Black "Czerw, Dawid"]
[WhiteFideId "1148486"]
[BlackFideId "1145746"]
[WhiteElo "1907"]
[BlackElo "2125"]
[Result "0-1"]
[Round "08"]
[TimeControl "180+1"]
[Date "2022.04.19"]
[WhiteClock "0:00:03"]
[BlackClock "0:00:10"]

1. e4 c5 2. Nf3 a6 3. c4 Nc6 4. d4 cxd4 5. Nxd4 g6 6. Nc3 Bg7 7. Be3 d6 8. Be2 Nf6 9. O-O O-O 10. Qd2 Nxd4 11. Bxd4 Bd7 12. Rac1 Bc6 13. f3 Nd7 14. Be3 Nc5 15. b3 a5 16. Nd5 Bxd5 17. cxd5 Qb6 18. Rc2 Qb4 19. Rfc1 b6 20. Kf1 f5 21. Qxb4 axb4 22. exf5 Rxf5 23. Bc4 Bc3 24. Ke2 Ra5 25. Bd2 b5 26. Bxc3 bxc3 27. b4 Ra7 28. bxc5 bxc4 29. Rxc3 Rxa2+ 30. R1c2 Rxc2+ 31. Rxc2 dxc5 32. Rxc4 Rxd5 33. Ke3 Kf7 34. Ke4 Ke6 35. Ra4 Rd2 36. Ra6+ Kf7 37. g4 Rxh2 38. Rc6 Rc2 39. Kd3 Rc1 40. Kd2 Rc4 41. Kd3 Rd4+ 42. Ke3 Rd5 43. Ke4 e6 44. Rc7+ Kf6 45. f4 g5 46. Rxh7 Rd4+ 47. Ke3 Rxf4 48. Rh6+ Ke5 49. Rh7 Rxg4 50. Rc7 Rc4 51. Kf3 Rc3+ 52. Kg4 Kd4 53. Kxg5 Re3 54. Rd7+ Kc3 55. Kf4 Re1 56. Rc7 c4 57. Kf3 Kb3 58. Rb7+ Kc2 59. Rc7 c3 60. Kf2 Re5 61. Rc6 Kb2 0-1


[Site "https://www.chess.com"]

[Event "Titled Tuesday Blitz April 19 Early 2022"]
[White "Ezat, Mohamed"]
[Black "Sarkar, Justin"]
[WhiteFideId "10600906"]
[BlackFideId "2010011"]
[WhiteElo "2386"]
[BlackElo "2038"]
[Result "1-0"]
[Round "08"]
[TimeControl "180+1"]
[Date "2022.04.19"]
[WhiteClock "0:00:18"]
[BlackClock "0:00:01"]

1. d4 Nf6 2. c4 e6 3. Nc3 Bb4 4. e3 O-O 5. a3 Bxc3+ 6. bxc3 c5 7. Bd3 Nc6 8. Ne2 b6 9. O-O Ba6 10. e4 Ne8 11. Ng3 Na5 12. f4 Bxc4 13. Bxc4 Nxc4 14. f5 e5 15. f6 d6 16. Bg5 Qd7 17. fxg7 Nxg7 18. Bh6 f6 19. Bxg7 Kxg7 20. Nf5+ Kh8 21. Rf3 Rg8 22. Rh3 Rg6 23. Ra2 Rag8 24. Rf2 Rg5 25. Nh6 Qxh3 26. Nf7+ Kg7 27. Nxg5 Qe3 28. Ne6+ Kf7 29. dxe5 1-0


[Site "https://www.chess.com"]

[Event "Titled Tuesday Blitz April 19 Early 2022"]
[White "Fromm, Marius"]
[Black "Karolczuk, Iwo"]
[WhiteFideId "12993190"]
[BlackFideId "21816972"]
[WhiteElo "2545"]
[BlackElo "2656"]
[Result "1-0"]
[Round "08"]
[TimeControl "180+1"]
[Date "2022.04.19"]
[WhiteClock "0:00:07"]
[BlackClock "0:00:10"]

1. e4 c5 2. Nf3 d6 3. d4 cxd4 4. Nxd4 Nf6 5. Nc3 a6 6. g3 g6 7. Bg2 Bg7 8. O-O O-O 9. h3 Nc6 10. Be3 Rb8 11. Nde2 b5 12. Nd5 Ne5 13. b3 Bb7 14. a4 Nxd5 15. exd5 b4 16. a5 Qc7 17. Bb6 Qc8 18. Ra4 Nd7 19. Ba7 Ra8 20. Be3 Qc7 21. Rxb4 Rfc8 22. c4 Rab8 23. Ba7 Ra8 24. Bb6 Nxb6 25. Rxb6 Ra7 26. Qd2 Ba8 27. Nd4 Qc5 28. Nc6 Bxc6 29. dxc6 Bd4 30. Rd1 e5 31. Bd5 Qa3 32. Rb7 Rc7 33. Rxa7 Bxa7 34. Qc3 Bd4 35. Rxd4 exd4 36. Qxd4 Qxa5 37. h4 Qe1+ 38. Kg2 a5 39. Qb6 Rc8 40. Qb7 Qe8 41. Bxf7+ Qxf7 42. Qxc8+ Kg7 43. Qb7 1-0


[Site "https://www.chess.com"]

[Event "Titled Tuesday Blitz April 19 Early 2022"]
[White "Gabdrakhmanov, Azat"]
[Black "Nogerbek, Kazybek"]
[WhiteFideId "34189197"]
[BlackFideId "13710427"]
[WhiteElo "2279"]
[BlackElo "2466"]
[Result "1-0"]
[Round "08"]
[TimeControl "180+1"]
[Date "2022.04.19"]
[WhiteClock "0:00:25"]
[BlackClock "0:00:44"]

1. e4 e5 2. Nf3 Nc6 3. Bb5 a6 4. Ba4 Nf6 5. O-O Be7 6. Re1 b5 7. Bb3 O-O 8. d4 d6 9. c3 Bb7 10. Nbd2 Re8 11. Nf1 h6 12. Ng3 Bf8 13. a4 Nb8 14. dxe5 Ng4 15. e6 fxe6 16. Ng5 hxg5 17. Qxg4 Qd7 18. Bxg5 Nc6 19. f4 bxa4 20. Bxa4 Qf7 21. Bb3 d5 22. e5 Bc8 23. Bc2 Rb8 24. Bh4 Rxb2 25. Bg6 Qd7 26. Qh5 Bc5+ 27. Kh1 Ne7 28. Bxe7 Qxe7 29. Qh7+ 1-0


[Site "https://www.chess.com"]

[Event "Titled Tuesday Blitz April 19 Early 2022"]
[White "Gabrielian, Artur"]
[Black "Shimanov, Aleksandr"]
[WhiteFideId "4131002"]
[BlackFideId "4198603"]
[WhiteElo "2440"]
[BlackElo "2636"]
[Result "0-1"]
[Round "08"]
[TimeControl "180+1"]
[Date "2022.04.19"]
[WhiteClock "0:00:02"]
[BlackClock "0:00:30"]

1. c4 g6 2. Nc3 Bg7 3. d4 Nf6 4. e4 d6 5. Nf3 O-O 6. Be2 Na6 7. O-O e5 8. Re1 c6 9. Bf1 exd4 10. Nxd4 Ng4 11. Nf3 Qb6 12. Qd2 Nc5 13. h3 Ne5 14. Qe3 Re8 15. Nxe5 dxe5 16. b3 Bf8 17. Qg3 Ne6 18. Be3 Qc7 19. Rad1 Bg7 20. c5 Qe7 21. Rd6 Nd4 22. Bg5 Qf8 23. Bc4 b5 24. Bf1 f5 25. Qh4 f4 26. Bf6 Bxf6 27. Rxf6 Qe7 28. Ne2 Nxe2+ 29. Bxe2 Kg7 30. Rxf4 exf4 31. Qxf4 Qe5 32. Qc1 Be6 33. Bf1 Rad8 34. f4 Qd4+ 35. Kh2 Bf7 36. e5 Bd5 37. f5 Rxe5 38. Rd1 Qe3 39. Qa1 gxf5 40. Rd3 Qf4+ 41. Rg3+ Kf7 0-1


[Site "https://www.chess.com"]

[Event "Titled Tuesday Blitz April 19 Early 2022"]
[White "Gharibyan, Mamikon"]
[Black "Ljukin, Sergei"]
[WhiteFideId "13308300"]
[BlackFideId "14102200"]
[WhiteElo "2254"]
[BlackElo "2312"]
[Result "1-0"]
[Round "08"]
[TimeControl "180+1"]
[Date "2022.04.19"]
[WhiteClock "0:01:09"]
[BlackClock "0:00:12"]

1. c4 c6 2. d4 d5 3. Nf3 Nf6 4. e3 e6 5. Bd3 dxc4 6. Bxc4 b5 7. Bd3 a6 8. a4 Nbd7 9. Nbd2 Bb7 10. Nb3 Bd6 11. Bd2 e5 12. Na5 Qc7 13. axb5 cxb5 14. Rc1 Qb6 15. dxe5 Nxe5 16. Nxe5 Bxe5 17. Nxb7 Qxb7 18. O-O Rd8 19. Ba5 Rd5 20. Qc2 O-O 21. Be2 h6 22. Bf3 Qe7 23. Bxd5 Nxd5 24. Rfd1 Nf6 25. g3 h5 26. Qf5 Bxb2 27. Rb1 Qa3 28. Bc7 b4 29. Bd6 Re8 30. Rd3 Bc3 31. Bxb4 Qa2 32. Rxc3 1-0


[Site "https://www.chess.com"]

[Event "Titled Tuesday Blitz April 19 Early 2022"]
[White "Golubeva, Oksana"]
[Black "Araujo Filho, Luiz Antonio Coel"]
[WhiteFideId "4170164"]
[BlackFideId "2130661"]
[WhiteElo "2162"]
[BlackElo "2325"]
[Result "1/2-1/2"]
[Round "08"]
[TimeControl "180+1"]
[Date "2022.04.19"]
[WhiteClock "0:00:01"]
[BlackClock "0:00:08"]

1. Nf3 f5 2. d4 Nf6 3. b3 g6 4. Bb2 Bg7 5. Nbd2 O-O 6. Nc4 d6 7. e3 c6 8. Be2 Nbd7 9. a4 Qe8 10. a5 Ne4 11. Nfd2 Rb8 12. f3 Nef6 13. O-O b5 14. axb6 axb6 15. Ra7 d5 16. Ne5 Nxe5 17. dxe5 Nd7 18. f4 Nc5 19. b4 Nd7 20. Bf3 Bb7 21. b5 e6 22. bxc6 Bxc6 23. Nb3 Nc5 24. Nd4 Bd7 25. Qe2 Rf7 26. Rfa1 b5 27. Qd2 Na4 28. Ba3 Nb6 29. Bd6 Nc4 30. Qb4 Rc8 31. Kf2 Nxd6 32. Qxd6 Bf8 33. Qb6 Bc5 34. Qa6 Bxa7 35. Qxa7 Bc6 36. Qb6 Bd7 37. Ra6 Rb8 38. Qa5 Rc8 39. h4 h6 40. Be2 Kg7 41. Bxb5 Bxb5 42. Nxb5 Rxc2+ 43. Kf3 Qc8 44. Nd4 Qc4 45. Nxc2 Qxc2 46. Rxe6 Qd1+ 47. Kf2 Qc2+ 48. Kf1 Qd1+ 49. Qe1 Qd3+ 50. Kf2 Qc2+ 51. Qe2 Qe4 52. Rd6 Rc7 53. Kg3 Rc2 54. Qf1 Rd2 55. Qf3 Rd3 56. Qxe4 dxe4 57. Rc6 Rxe3+ 58. Kf2 Rd3 59. Rc7+ Kf8 60. e6 Ke8 61. Rg7 Rd6 62. Rxg6 Ke7 63. Rxh6 Rxe6 64. Rxe6+ Kxe6 65. Ke3 Kf6 66. Kd4 Kg6 67. g4 fxg4 68. Kxe4 Kh5 69. f5 Kxh4 70. f6 g3 71. f7 g2 72. f8=Q g1=Q 73. Qh8+ Kg3 74. Qg7+ Kf2 75. Qd4+ Kf1 76. Qd3+ Kf2 77. Qe3+ Kf1 78. Qxg1+ Kxg1 1/2-1/2


[Site "https://www.chess.com"]

[Event "Titled Tuesday Blitz April 19 Early 2022"]
[White "Gu, Xiaobing"]
[Black "Zhu, Jiner"]
[WhiteFideId "8602611"]
[BlackFideId "8608059"]
[WhiteElo "2174"]
[BlackElo "2281"]
[Result "0-1"]
[Round "08"]
[TimeControl "180+1"]
[Date "2022.04.19"]
[WhiteClock "0:00:33"]
[BlackClock "0:00:13"]

1. e4 e5 2. Nf3 Nc6 3. Bb5 a6 4. Bxc6 dxc6 5. d3 Bd6 6. O-O Bg4 7. h3 Bh5 8. Be3 Ne7 9. Nbd2 f6 10. Nc4 O-O 11. Qe2 c5 12. Rad1 Nc6 13. c3 Kh8 14. Kh2 Be7 15. g4 Bf7 16. Nh4 Re8 17. f3 Bf8 18. Bf2 b5 19. Ne3 Bxa2 20. Bg3 Bb3 21. Rd2 a5 22. Nhf5 a4 23. f4 exf4 24. Bxf4 Qd7 25. Qg2 Qf7 26. Qg3 Ne5 27. g5 Rad8 28. Bxe5 Rxe5 29. gxf6 gxf6 30. Ng4 Rxe4 31. Nfh6 Bxh6 32. Nxh6 Qg6 33. Qxg6 hxg6 34. Nf7+ Bxf7 35. Rxf6 Re7 36. Rdf2 Kg7 37. Rc6 Rxd3 38. Rxc5 Bc4 39. Rc6 Red7 40. Rg2 R3d6 41. Rc5 Rd2 42. Rxd2 Rxd2+ 43. Kg3 Rxb2 44. Rxc7+ Kh6 0-1


[Site "https://www.chess.com"]

[Event "Titled Tuesday Blitz April 19 Early 2022"]
[White "Gubajdullin, Alexei"]
[Black "Seo, Jung Min"]
[WhiteFideId "4141202"]
[BlackFideId "1734687"]
[WhiteElo "2266"]
[BlackElo "2401"]
[Result "1-0"]
[Round "08"]
[TimeControl "180+1"]
[Date "2022.04.19"]
[WhiteClock "0:00:33"]
[BlackClock "0:00:11"]

1. c4 Nf6 2. Nc3 e5 3. Nf3 Nc6 4. g3 Bb4 5. Bg2 Bxc3 6. dxc3 O-O 7. O-O d6 8. Qc2 h6 9. Nh4 Be6 10. b3 Nd7 11. Nf5 Qf6 12. Ne3 Qd8 13. f4 exf4 14. gxf4 f5 15. Bd5 Bxd5 16. cxd5 Ne7 17. c4 c6 18. Bb2 cxd5 19. Kh1 dxc4 20. Rg1 Rf7 21. Qxc4 Kf8 22. Qe6 Nf6 23. Rxg7 Kxg7 24. Rg1+ Kf8 25. Bxf6 Qc7 26. Nxf5 Nxf5 27. Qxf5 Qc6+ 28. e4 d5 29. Bg7+ Ke8 30. Qe5+ Re7 31. Qh5+ Kd7 32. exd5 Qc2 33. Qg4+ Kc7 34. Be5+ Kb6 35. Qg6+ Qxg6 36. Rxg6+ 1-0


[Site "https://www.chess.com"]

[Event "Titled Tuesday Blitz April 19 Early 2022"]
[White "Dronavalli, Harika"]
[Black "Popadic, Dragan"]
[WhiteFideId "5015197"]
[BlackFideId "913650"]
[WhiteElo "2382"]
[BlackElo "2203"]
[Result "1-0"]
[Round "08"]
[TimeControl "180+1"]
[Date "2022.04.19"]
[WhiteClock "0:00:53"]
[BlackClock "0:00:03"]

1. d4 Nf6 2. Nf3 g6 3. Bg5 Bg7 4. Nbd2 O-O 5. e4 d6 6. Bd3 Nc6 7. c3 e5 8. h3 Qe7 9. O-O h6 10. Be3 a6 11. Re1 Bd7 12. Nf1 Rad8 13. Ng3 Bc8 14. Qb3 Kh7 15. Rad1 Na5 16. Qc2 Nc6 17. a3 Ng8 18. b4 Qf6 19. Kh2 Bd7 20. Bc4 Qe7 21. a4 Nb8 22. b5 axb5 23. axb5 Bc8 24. Qb3 Nd7 25. Bc1 Nb6 26. dxe5 Nxc4 27. Qxc4 dxe5 28. Be3 b6 29. Kg1 Bb7 30. Nh2 Nf6 31. h4 Rxd1 32. Rxd1 Rd8 33. Rxd8 Qxd8 34. Qxf7 Qd1+ 35. Nhf1 Qd6 36. h5 Nxh5 37. Nxh5 gxh5 38. Ng3 h4 39. Nf5 Qf6 40. Qxc7 Bxe4 41. Nxg7 Qxg7 42. Qxg7+ Kxg7 43. Bxb6 Bd3 44. Bc7 Bxb5 45. Bxe5+ Kg6 46. Bd6 h5 47. Be7 h3 48. gxh3 Kf5 49. Kg2 Bc6+ 50. Kg3 Bd5 51. Bc5 Kg5 52. Be3+ Kf5 53. Kh4 Kg6 54. f4 Be6 55. Bd4 Kh6 56. Kg3 Kg6 57. h4 Kf5 58. Kf3 Bc4 59. Ke3 Bb5 60. Bb6 Bf1 61. Bc7 Ba6 62. Bd8 Bb5 63. Bg5 Ke6 64. Kd4 Bc6 65. c4 Bf3 66. Kc5 Kd7 67. f5 Be4 68. f6 Bg6 69. Kb6 Bf7 70. c5 Kc8 71. Kc6 Bb3 72. Kd6 Ba2 73. Ke7 Kc7 74. f7 Bxf7 75. Kxf7 Kc6 76. Kg6 Kxc5 77. Kxh5 1-0


[Site "https://www.chess.com"]

[Event "Titled Tuesday Blitz April 19 Early 2022"]
[White "Harish, Neeraj"]
[Black "Gatterer, Florian"]
[WhiteFideId "30958130"]
[BlackFideId "811688"]
[WhiteElo "1574"]
[BlackElo "2218"]
[Result "0-1"]
[Round "08"]
[TimeControl "180+1"]
[Date "2022.04.19"]
[WhiteClock "0:00:16"]
[BlackClock "0:01:28"]

1. c4 e6 2. Nf3 Nf6 3. e3 d5 4. Nc3 Be7 5. cxd5 exd5 6. b3 O-O 7. Bb2 c5 8. d4 Nc6 9. Be2 Bg4 10. O-O Re8 11. h3 Bh5 12. dxc5 Bxc5 13. Nb5 Ne4 14. Nbd4 Rc8 15. Rc1 Bb6 16. a3 a5 17. Rc2 Bg6 18. Rc1 Qe7 19. Nd2 Nxd4 20. Nxe4 Nxe2+ 21. Qxe2 Bxe4 0-1


[Site "https://www.chess.com"]

[Event "Titled Tuesday Blitz April 19 Early 2022"]
[White "Hasangatin, Ramil"]
[Black "Dobre, Claudiu-Cristian"]
[WhiteFideId "4122160"]
[BlackFideId "1211854"]
[WhiteElo "2375"]
[BlackElo "2207"]
[Result "1-0"]
[Round "08"]
[TimeControl "180+1"]
[Date "2022.04.19"]
[WhiteClock "0:00:14"]
[BlackClock "0:00:02"]

1. e4 Nc6 2. Nf3 d6 3. d4 Nf6 4. d5 Ne5 5. Nxe5 dxe5 6. Bd3 e6 7. c4 exd5 8. cxd5 c6 9. dxc6 bxc6 10. O-O Bc5 11. Qc2 Qd6 12. Nd2 Ng4 13. Nc4 Qf6 14. h3 h5 15. b4 Bd4 16. Bb2 Qf4 17. hxg4 hxg4 18. Rfd1 Bxf2+ 19. Qxf2 Rh1+ 20. Kxh1 Qxf2 21. Bxe5 Qh4+ 22. Kg1 g3 23. Bd4 Bg4 24. Nd6+ Kf8 25. Rd2 Rd8 26. e5 Be6 27. Bc5 Kg8 28. Re1 Bd5 29. Be4 Bxe4 30. Rxe4 Qh2+ 31. Kf1 Qh1+ 32. Bg1 Qh6 33. Ree2 Qe6 34. Bc5 f6 35. Ne4 Rxd2 36. Nxd2 fxe5 37. Ne4 Qc4 38. Nxg3 Qf4+ 39. Bf2 Qc1+ 40. Re1 Qc4+ 41. Kg1 Qxb4 42. Rxe5 Qb1+ 43. Re1 Qxa2 44. Nf5 Qb3 45. Re8+ Kf7 46. Nd6+ Kg6 47. Re1 a5 48. Nc8 Qc3 49. Ne7+ Kf7 50. Nf5 a4 51. Nd6+ Kg6 52. Ne4 Qc2 53. Bc5 Qd3 54. Kf2 a3 55. Re3 Qc2+ 56. Re2 Qc4 57. Bxa3 Qd4+ 58. Kf3 Qd3+ 59. Re3 Qd1+ 60. Kg3 Qa4 61. Nf2 Qc4 62. Kf3 Qd5+ 63. Ne4 c5 64. Bxc5 Qf5+ 65. Ke2 Qg4+ 66. Kf2 Qf4+ 67. Kg1 Qe5 68. g3 Qd5 69. Kg2 Qd1 70. Nf2 Qc2 71. Bd4 Qd2 72. Re4 Qc2 73. Rg4+ Kh6 74. Be3+ Kh7 75. Kf3 g6 76. Ne4 Qc6 77. Kf4 Kg7 78. Rg5 Kf7 79. Re5 Qc7 80. Ng5+ Kf6 81. Nf3 g5+ 82. Kg4 Qc4+ 83. Bd4 Qxd4+ 84. Nxd4 Kxe5 85. Nf3+ Kf6 86. Nxg5 Kg6 87. Nh3 1-0


[Site "https://www.chess.com"]

[Event "Titled Tuesday Blitz April 19 Early 2022"]
[White "Hirneise, Jens"]
[Black "Khamdamova, Afruza"]
[WhiteFideId "24614734"]
[BlackFideId "14210444"]
[WhiteElo "2359"]
[BlackElo "1660"]
[Result "0-1"]
[Round "08"]
[TimeControl "180+1"]
[Date "2022.04.19"]
[WhiteClock "0:00:02"]
[BlackClock "0:00:40"]

1. e4 e5 2. Nc3 Nf6 3. g3 d5 4. exd5 Nxd5 5. Bg2 Be6 6. Nge2 Nc6 7. O-O Bc5 8. d3 O-O 9. a3 a5 10. h3 Qd7 11. Kh2 f5 12. Nxd5 Bxd5 13. Bxd5+ Qxd5 14. Nc3 Qd7 15. Be3 Nd4 16. Bxd4 Bxd4 17. a4 c6 18. Qe2 b5 19. Nd1 b4 20. c3 Bb6 21. cxb4 axb4 22. Ne3 Bd4 23. Nc4 Qc7 24. f3 Rf6 25. a5 Rg6 26. f4 exf4 27. Rxf4 c5 28. Re1 Rf8 29. Qe7 Qb8 30. Re6 Rxe6 31. Qxe6+ Kh8 32. a6 g6 33. Rxd4 cxd4 34. Qe5+ Qxe5 35. Nxe5 Ra8 36. Nc6 Rxa6 37. Nxb4 Rb6 38. Nd5 Rxb2+ 39. Kg1 Rd2 0-1


[Site "https://www.chess.com"]

[Event "Titled Tuesday Blitz April 19 Early 2022"]
[White "Hoffmann, Asa"]
[Black "Wagner, Dinara"]
[WhiteFideId "2001470"]
[BlackFideId "24157570"]
[WhiteElo "2117"]
[BlackElo "2216"]
[Result "0-1"]
[Round "08"]
[TimeControl "180+1"]
[Date "2022.04.19"]
[WhiteClock "0:00:35"]
[BlackClock "0:00:11"]

1. d4 Nf6 2. Bg5 Ne4 3. Bf4 c5 4. f3 Nf6 5. dxc5 Nc6 6. Nc3 e5 7. Be3 Qa5 8. a3 Bxc5 9. Bd2 Qd8 10. e4 O-O 11. Bc4 d6 12. Qe2 a6 13. O-O-O b5 14. Bd5 Nd4 15. Qd3 Rb8 16. Nge2 Nxd5 17. Nxd5 Be6 18. Nxd4 Bxd4 19. c3 Bc5 20. Be3 Bxd5 21. Bxc5 Bb3 22. Bxd6 Bxd1 23. Rxd1 Qg5+ 24. Qd2 Qf6 25. Bxf8 Rxf8 26. Kb1 h5 27. Qe3 Qg6 28. g3 Qf6 29. f4 exf4 30. gxf4 Re8 31. e5 Qf5+ 32. Ka1 a5 33. Qd4 Rf8 34. h4 Qg4 35. Rh1 Rc8 36. Qf2 b4 37. cxb4 axb4 38. Re1 bxa3 39. bxa3 Ra8 40. Re3 Qd1+ 41. Ka2 Rc8 42. Re2 Qd5+ 43. Kb1 Qb3+ 44. Rb2 Qxa3 45. f5 Qd3+ 46. Rc2 Rb8+ 47. Kc1 Ra8 48. Kb2 Qa3+ 49. Kb1 Qa1# 0-1


[Site "https://www.chess.com"]

[Event "Titled Tuesday Blitz April 19 Early 2022"]
[White "Hua, Lefong"]
[Black "Devaev, Alexander"]
[WhiteFideId "2602253"]
[BlackFideId "4169395"]
[WhiteElo "2600"]
[BlackElo "2185"]
[Result "1-0"]
[Round "08"]
[TimeControl "180+1"]
[Date "2022.04.19"]
[WhiteClock "0:00:04"]
[BlackClock "0:00:03"]

1. d4 Nf6 2. c4 e6 3. Nc3 Bb4 4. f3 c5 5. d5 d6 6. e4 Qe7 7. Ne2 Nbd7 8. Nf4 Nb6 9. Be2 e5 10. Nd3 Bxc3+ 11. bxc3 Bd7 12. Nf2 Ba4 13. Qd3 Nh5 14. g3 Nf6 15. Be3 h6 16. Bd1 Qd7 17. Kd2 O-O-O 18. Rb1 Kb8 19. Bb3 Qc7 20. Rb2 Bd7 21. Rhb1 Bc8 22. Bc2 Qe7 23. a4 Na8 24. a5 Nc7 25. Ba4 Ka8 26. Qc2 Na6 27. Bb5 Nc7 28. Nd3 Nxb5 29. Rxb5 Qc7 30. Qa2 g5 31. Rb6 Kb8 32. R6b2 Ka8 33. Nf2 Nd7 34. Rb5 Nb8 35. Qb3 Na6 36. Qa2 f6 37. R5b2 Rh7 38. Ke2 Qe7 39. Bc1 f5 40. exf5 Qf6 41. g4 e4 42. Nxe4 Qe5 43. Be3 h5 44. Kd3 hxg4 45. fxg4 Rh3 46. Rg2 Qf4 47. Qf2 Qe5 48. Nxg5 Rhh8 49. Qf4 Qf6 50. Ne6 Rde8 51. g5 Qf7 52. Rf1 1-0


[Site "https://www.chess.com"]

[Event "Titled Tuesday Blitz April 19 Early 2022"]
[White "Janaszak, Dawid"]
[Black "Rozman, Levy"]
[WhiteFideId "1119206"]
[BlackFideId "2039877"]
[WhiteElo "2199"]
[BlackElo "2376"]
[Result "1-0"]
[Round "08"]
[TimeControl "180+1"]
[Date "2022.04.19"]
[WhiteClock "0:02:16"]
[BlackClock "0:02:19"]

1. e4 d5 2. exd5 Nf6 3. Bb5+ Nbd7 4. c4 a6 5. Ba4 b5 6. cxb5 Nb6 7. bxa6+ Nxa4 8. Qxa4+ Qd7 9. Qxd7+ Kxd7 10. Nc3 Bxa6 11. Nf3 e6 12. dxe6+ fxe6 13. d4 Bb4 14. Bd2 Bc4 15. Ne5+ 1-0


[Site "https://www.chess.com"]

[Event "Titled Tuesday Blitz April 19 Early 2022"]
[White "Jaracz, Pawel"]
[Black "Zakhartsov, Vladimir"]
[WhiteFideId "1102222"]
[BlackFideId "4145097"]
[WhiteElo "2429"]
[BlackElo "2491"]
[Result "1-0"]
[Round "08"]
[TimeControl "180+1"]
[Date "2022.04.19"]
[WhiteClock "0:01:53"]
[BlackClock "0:01:45"]

1. e4 c5 2. Nf3 d6 3. d4 cxd4 4. Nxd4 Nf6 5. Nc3 a6 6. Bg5 Nbd7 7. f4 h6 8. Bxf6 Nxf6 9. f5 Qc7 10. Qf3 b5 11. O-O-O g5 12. fxg6 Bg4 13. gxf7+ Kxf7 14. Qd3 Bxd1 15. Nxd1 Rc8 16. Qb3+ Ke8 17. Bd3 Rg8 18. g3 h5 19. Rf1 Bh6+ 20. Kb1 Rg5 21. Rxf6 exf6 22. Qe6+ Kf8 23. Qxf6+ Kg8 24. Qxh6 Qg7 25. Qe6+ 1-0


[Site "https://www.chess.com"]

[Event "Titled Tuesday Blitz April 19 Early 2022"]
[White "Jarocka, Liwia"]
[Black "Skliarov, Viktor"]
[WhiteFideId "21807558"]
[BlackFideId "14106736"]
[WhiteElo "1896"]
[BlackElo "2229"]
[Result "1/2-1/2"]
[Round "08"]
[TimeControl "180+1"]
[Date "2022.04.19"]
[WhiteClock "0:00:10"]
[BlackClock "0:00:06"]

1. e4 c5 2. Nf3 Nc6 3. d4 cxd4 4. Nxd4 Nf6 5. Nc3 e5 6. Ndb5 d6 7. Bg5 a6 8. Na3 b5 9. Nd5 Be7 10. Bxf6 Bxf6 11. c3 O-O 12. Nc2 Rb8 13. Bd3 Bg5 14. O-O Ne7 15. Ncb4 Bb7 16. a4 a5 17. Nxe7+ Qxe7 18. Nc2 bxa4 19. Rxa4 Bc6 20. Rxa5 Rxb2 21. Nb4 Bb7 22. Nd5 Bxd5 23. Rxd5 Rd2 24. Qb3 Be3 25. Bc4 Rxd5 26. Bxd5 Bc5 27. Qb7 Qf6 28. Kh1 g6 29. c4 Re8 30. f3 Re7 31. Qb2 Ra7 32. Ra1 Rxa1+ 33. Qxa1 h5 34. Qf1 Kg7 35. g3 h4 36. Kg2 Qg5 37. Qe1 f5 38. Be6 Kf6 39. Bd5 Qh5 40. exf5 h3+ 41. Kh1 gxf5 42. Qf1 Qh6 43. f4 e4 44. Qa1+ Ke7 45. Qa8 Qg7 46. Qb7+ Kf6 47. Qxg7+ Kxg7 48. Be6 Kf6 49. Bd7 Bf2 50. Bc6 Be3 51. Bd5 Bf2 52. Bc6 Bc5 53. Bd5 Ke7 54. Bb7 Kd7 55. Bd5 Ke7 56. Bc6 Kf6 57. Bd5 Bd4 58. Bc6 Bc5 1/2-1/2


[Site "https://www.chess.com"]

[Event "Titled Tuesday Blitz April 19 Early 2022"]
[White "Jegorovas, Aleksandras"]
[Black "Yeletsky, Ivan"]
[WhiteFideId "12801950"]
[BlackFideId "24180327"]
[WhiteElo "2247"]
[BlackElo "2319"]
[Result "0-1"]
[Round "08"]
[TimeControl "180+1"]
[Date "2022.04.19"]
[WhiteClock "0:00:09"]
[BlackClock "0:00:04"]

1. Nf3 d5 2. d4 Bf5 3. Bf4 e6 4. e3 Nf6 5. Bd3 Bg6 6. O-O Bd6 7. Bg3 Bxg3 8. hxg3 Nbd7 9. c4 Qe7 10. Nc3 c6 11. Qe2 Bh5 12. e4 dxc4 13. Bxc4 e5 14. d5 O-O 15. Rad1 Qc5 16. dxc6 bxc6 17. Bb3 Nb6 18. Qe3 Qxe3 19. fxe3 Nfd7 20. Na4 Kh8 21. Nxb6 Nxb6 22. Rd6 f6 23. Rxc6 Bg6 24. Bd5 Rad8 25. Rc7 Nxd5 26. exd5 Rxd5 27. Rxa7 h5 28. Rc1 Rg8 29. Nh4 Be4 30. Rc4 Bd3 31. Rcc7 g5 32. Nf3 Be4 33. Kf2 Rb8 34. b3 Rd1 35. Rf7 Rc8 36. Rac7 Rxc7 37. Rxc7 Rb1 38. Rf7 Rb2+ 39. Kg1 h4 40. gxh4 g4 41. Ne1 Rb1 42. Kf2 g3+ 43. Ke2 Rb2+ 44. Kd1 f5 45. a4 Kg8 46. Rf6 Kg7 47. Rd6 Bxg2 48. Rd2 Rb1+ 49. Ke2 Be4 50. a5 Rxb3 51. Kf1 Rxe3 52. Ng2 Ra3 53. Ne1 Ra1 54. Ke2 Rxa5 55. Rd7+ Kf6 56. Rd6+ Ke7 57. Rg6 Ra2+ 58. Ke3 Bb1 59. Nf3 f4# 0-1


[Site "https://www.chess.com"]

[Event "Titled Tuesday Blitz April 19 Early 2022"]
[White "Kadam, Om Manish"]
[Black "Kornyukov, Alexey"]
[WhiteFideId "45076294"]
[BlackFideId "4150457"]
[WhiteElo "1729"]
[BlackElo "2303"]
[Result "0-1"]
[Round "08"]
[TimeControl "180+1"]
[Date "2022.04.19"]
[WhiteClock "0:01:23"]
[BlackClock "0:00:09"]

1. e4 c5 2. Nf3 Nc6 3. d4 cxd4 4. Nxd4 Nf6 5. Nc3 e5 6. Ndb5 d6 7. a4 a6 8. Na3 Bg4 9. f3 Be6 10. Bc4 Rc8 11. Be3 Nb4 12. Bxe6 fxe6 13. O-O d5 14. exd5 exd5 15. Re1 Be7 16. Bf2 d4 17. Ne4 O-O 18. c3 Nxe4 19. Rxe4 dxc3 20. Qb3+ Kh8 21. Rxb4 Bxb4 22. Qxb4 c2 23. Rc1 Qd1+ 24. Qe1 Rfd8 25. Nxc2 Qd2 26. Be3 Qxe1+ 27. Rxe1 Rxc2 28. Bb6 Rdd2 29. g4 Rg2+ 30. Kf1 Rxh2 31. Kg1 Rcg2+ 32. Kf1 Rxb2 33. Rxe5 Rb1+ 34. Re1 Rh1+ 0-1


[Site "https://www.chess.com"]

[Event "Titled Tuesday Blitz April 19 Early 2022"]
[White "Kamsky, Gata"]
[Black "Chernobay, Artem"]
[WhiteFideId "2000024"]
[BlackFideId "4167406"]
[WhiteElo "2645"]
[BlackElo "2473"]
[Result "1-0"]
[Round "08"]
[TimeControl "180+1"]
[Date "2022.04.19"]
[WhiteClock "0:01:05"]
[BlackClock "0:00:12"]

1. e4 e5 2. Nf3 Nc6 3. Bb5 a6 4. Ba4 Nf6 5. O-O b5 6. Bb3 Bc5 7. c3 d6 8. a4 Rb8 9. axb5 axb5 10. d4 Bb6 11. h3 O-O 12. Re1 h6 13. Be3 Re8 14. Nbd2 exd4 15. cxd4 Bb7 16. d5 Bxe3 17. Rxe3 Ne5 18. Nxe5 Rxe5 19. Qc2 Nd7 20. Nf3 Re8 21. Qc3 b4 22. Qd4 Nc5 23. Bc4 f6 24. Nh4 Ra8 25. Rae1 Qd7 26. Nf5 Ba6 27. Bxa6 Rxa6 28. Rg3 Qxf5 29. exf5 Rxe1+ 30. Kh2 Raa1 31. Re3 Rh1+ 32. Kg3 Nd7 33. Re7 Ne5 34. Qxb4 Rad1 35. Qb8+ Kh7 36. Qf8 Rd3+ 37. f3 1-0


[Site "https://www.chess.com"]